 Dungeon Crawl Stone Soup version 0.19-a0-1169-g4149f68 (webtiles) character file.

65 JEM123 the Shooter (level 3, -2/28 HPs)
             Began as a Centaur Arcane Marksman on Aug 15, 2016.
             Killed from afar by an orc wizard (8 damage)
             ... with a magic dart
             ... on level 4 of the Dungeon.
             The game lasted 00:11:36 (2957 turns).

JEM123 the Shooter (Centaur Arcane Marksman)        Turns: 2957, Time: 00:11:37

Health: -2/28      AC:  9    Str: 13    XL:     3   Next: 92%
Magic:  5/5        EV:  7    Int: 12    God:
Gold:   127        SH:  0    Dex:  9    Spells: 2 memorised, 2 levels left

rFire  . . .     SeeInvis .     s - -1 spear (curse)
rCold  . . .     Gourm    .     e - +0 robe
rNeg   . . .     Faith    .     (no shield)
rPois  .         Spirit   .     o - +0 helmet
rElec  .         Dismiss  .     (no cloak)
rCorr  .         Reflect  .     (no gloves)
MR     .....     Harm     .     l - +0 centaur barding
Stlth  +.........               (no amulet)
                                (no ring)
                                (no ring)

@: very quick
A: hooves 3, deformed body, speed 2, tough skin 3
a: no special abilities


You were on level 4 of the Dungeon.
You were not hungry.

You visited 1 branch of the dungeon, and saw 3 of its levels.

You collected 127 gold pieces.

Inventory:

Hand Weapons
 b - a +0 shortbow
 g - a +1 spear of venom
 s - a cursed -1 spear (weapon)
Missiles
 a - 6 javelins (quivered)
 i - 61 arrows
Armour
 e - a +0 robe (worn)
 l - a +0 centaur barding (worn)
 o - a +0 helmet (worn)
Scrolls
 h - 3 scrolls of identify
 m - a scroll of fog {unknown}
Potions
 d - a potion of berserk rage {unknown}
 j - a potion of flight {unknown}
Books
 c - a book of Debilitation

   Spells                             Type                      Level
   a - Corona                         Hexes                        1
   b - Slow                           Hexes                        2
   c - Gell's Gravitas                Hexes/Translocation          3
   d - Inner Flame                    Hexes/Fire                   3
   e - Cause Fear                     Hexes                        4
   f - Leda's Liquefaction            Hexes/Earth                  4
Comestibles
 f - 2 bread rations
 k - a chunk of flesh
 n - a royal jelly


   Skills:
 - Level 1.0 Fighting
 + Level 4.0 Bows
 - Level 1.3 Dodging
 + Level 1.6 Spellcasting
 + Level 3.3 Hexes


You had 2 spell levels left.
You knew the following spells:

 Your Spells              Type           Power        Failure   Level  Hunger
a - Corona                Hex            #......      10%         1    ##.....
b - Slow                  Hex            #.......     12%         2    ###....


Dungeon Overview and Level Annotations

Branches:
Dungeon (2/15)

Altars:
Nemelex Xobeh
Pakellas


Innate Abilities, Weirdness & Mutations

You have hooves in place of feet.
Armour fits poorly on your strangely shaped body.
You cover ground very quickly.
You have extremely tough skin. (AC +3)


Message History

Press: ? - help, Dir - move target cursor, f/p - orc priest
Aim: an orc priest, wielding a hand axe of freezing and wearing a leather armour (moderately wounded)
You reach to attack!
You closely miss the orc priest.
The orc priest is moderately wounded.
The orc priest calls down the wrath of Beogh upon you.
Beogh smites you!
Ouch! That really hurt!
* * * LOW HITPOINT WARNING * * *
You see here a ring mail.
An orc wizard comes into view. It is wielding a dagger.
The orc wizard shouts!
Found a stone staircase leading down.
An orc comes into view. It is wielding a dagger.
An orc and an orc wizard come into view.
The orc shouts!
The orc wizard shouts!
The orc shouts!
The orc barely misses you. The orc barely misses you.
The orc wizard casts a spell at you. The magic dart hits you!
You die...

#############.#
#........o.o..#
#.###########.#### #.#
#.o... #.# ######
#######.# #.......# ###
#.####################..
#......@.#...........#.#
#..#####.#.#########.#.#
#..#..oooo.# #######.[..
#...<..#................
##..####..##...#####.#.#
#... ...# ...# #.#..
.o.####.# ..#####.###
#..# .>. ..+........ ...
... .#########


You could see an orc wizard and an orc.

Vanquished Creatures
  2 adders
  2 giant geckos (D:1)
  A ball python (D:1)
  8 bats
  3 giant cockroaches
  6 hobgoblins
  5 jackals (D:1)
  3 kobolds
  3 giant newts
  4 goblins (D:1)
  2 rats (D:1)
39 creatures vanquished.

Vanquished Creatures (others)
  A wolf spider (D:2)
1 creature vanquished.

Grand Total: 40 creatures vanquished

Notes
Turn   | Place    | Note
-------+----------+-------------------------------------------
     0 | D:1      | JEM123 the Centaur Arcane Marksman began the quest for the Orb.
     0 | D:1      | Reached XP level 1. HP: 16/16 MP: 2/2
   114 | D:1      | Reached skill level 3 in Bows
   138 | D:1      | Reached XP level 2. HP: 3/23 MP: 1/3
   527 | D:1      | HP: 1/23 [giant newt (3)]
   918 | D:1      | Reached XP level 3. HP: 25/28 MP: 4/4
  1982 | D:2      | Reached skill level 4 in Bows
  2292 | D:2      | Found a sparkling altar of Nemelex Xobeh.
  2590 | D:2      | Found an oddly glowing altar of Pakellas.
  2590 | D:2      | Noticed a wolf spider
  2617 | D:2      | Killed a wolf spider
  2729 | D:2      | You fall through a shaft for 2 floors!
  2733 | D:4      | Learned a level 2 spell: Slow
  2957 | D:4      | Killed from afar by an orc wizard

Vault maps used:
D:1:      lemuel_arrival_broad_hall, serial_forest,
          infiniplex_forest_clump_diagonal, infiniplex_forest_straight_4,
          infiniplex_forest_lined_3_way, infiniplex_forest_split,
          infiniplex_forest_straight_2, infiniplex_forest_zigzag_1,
          infiniplex_forest_lined_room_3
D:2:      nemelex_xobeh_ov_fountains_minmay, gammafunk_pakellas_cloud_experiment
D:4:      grunt_temple_overflow_open, first_bread, minmay_item_behind_shaft

Skill      XL: |  1  2  3 |
---------------+----------+-----
Bows           | 3 4 |  4.0
Hexes          | 3 |  3.3
Fighting       | |  1.0
Dodging        | |  1.3
Spellcasting   | |  1.6

Action                   || total
-------------------------++-------
Melee: Dagger            ||   129
       Unarmed           ||     5
       Kick              ||    37
       Spear             ||    63
       Short sword       ||     6
 Fire: Shortbow          ||    27
Throw: Javelin           ||     1
 Cast: Corona            ||     4
  Use: Scroll            ||     3
  Eat: Meat ration       ||     1
       Chunk             ||     1
Armor: Robe              ||    93
Dodge: Dodged            ||   112
